Map: Orbital Shipyard

Players

NorthBrute

  • Race: Terran Terran
  • League: Master

Miszu - Winner!

  • Race: Terran Terran
  • League: Grandmaster

VOD

Have the link to the VOD?

Description

Time

  • Played on: Feb. 8, 2016, 11:48 a.m.
  • Length: 12:13
Show
View Real Time Build Order
Export as new Build Order

NorthBrute Terran 

Build Orders: Reaper Expand, Bio Tank 

Get SALT Encoding   

  12  0:01  SCV  
  13  0:13  SCV  
  14  0:17  Supply Depot  
  14  0:25  SCV  
  15  0:39  SCV  
  15  0:40  Barracks  
  16  0:45  Refinery  
  16  0:51  SCV  
  17  1:03  SCV  
  18  1:15  SCV  
  19  1:27  Orbital Command  
  19  1:29  Reaper  
  20  1:39  Command Center  
  20  1:50  Supply Depot  
  20  1:53  SCV  
  21  2:05  SCV  
  21  2:06  Factory  
  22  2:10  Marine  
  23  2:17  SCV  
  24  2:24  Refinery  
  24  2:29  Marine, SCV  
  26  2:41  SCV  
  27  2:49  Barracks Reactor  
  27  2:51  Hellion  
  29  2:53  Orbital Command  
  29  2:55  Starport  
  29  2:59  SCV  
  30  3:11  SCV  
  31  3:14  Supply Depot  
  31  3:15  Factory Tech Lab  
  31  3:22  SCV  
  31  3:23  SCV  
  33  3:28  Marine x2  
  33  3:34  SCV  
  35  3:35  Medivac, SCV  
  38  3:46  SCV  
  38  3:47  Barracks, SCV  
  40  3:49  Barracks  
  40  3:53  Cyclone  
  40  3:54  Marine  
  44  3:58  Supply Depot, SCV  
  44  3:59  SCV  
  46  4:03  Engineering Bay  
  46  4:07  Marine  
  47  4:10  SCV  
  47  4:12  SCV  
  47  4:17  Starport Reactor  
  49  4:20  Supply Depot  
  49  4:22  SCV  
  49  4:24  SCV  
  51  4:27  Siege Tank  
  51  4:28  Marine x2  
  56  4:34  SCV  
  56  4:35  Refinery, Barracks Tech Lab  
  56  4:36  SCV  
  56  4:37  Barracks Tech Lab  
  58  4:46  Marine, SCV  
  59  5:07  SCV  
  59  5:11  Marine  
  59  5:12  Marine x2, Stimpack  
  59  5:13  Medivac  
  66  5:15  Marine  
  66  5:16  SCV  
  66  5:20  Refinery  
  66  5:22  Supply Depot  
  66  5:25  SCV  
  66  5:26  Siege Tank  
  70  5:30  Command Center  
  70  5:32  Supply Depot  
  70  5:39  Combat Shields  
  70  5:43  Marine x2  
  70  5:44  Marine, SCV x2  
  70  5:45  Marine  
  76  5:55  Medivac  
  78  5:58  SCV  
  78  5:59  SCV  
  78  6:01  Marine x2  
  78  6:02  Supply Depot, Marine  
  78  6:03  Supply Depot, Marine  
  84  6:10  SCV  
  85  6:15  SCV  
  86  6:22  Supply Depot x2  
  86  6:23  Marine x2  
  86  6:24  Siege Tank, SCV  
  92  6:29  Marine x2  
  92  6:31  Medivac  
  92  6:32  Medivac  
  98  6:34  SCV  
  99  6:41  Terran Infantry Weapons Level 1, Marine x2  
  99  6:42  Barracks  
  101  6:47  Marine x2  
  101  6:49  Orbital Command  
  101  6:53  Barracks  
  103  6:59  Marine  
  104  7:08  Marine x3  
  105  7:10  Medivac  
  105  7:11  Medivac  
  105  7:12  Siege Tank  
  114  7:16  Orbital Command  
  114  7:17  Marine  
  115  7:26  Marine x2  
  115  7:27  Marine  
  118  7:30  Barracks Reactor  
  118  7:35  Supply Depot x2, Marine  
  119  7:41  SCV  
  119  7:43  Marine  
  119  7:44  Marine, Siege Tank  
  125  7:56  Marine x3  
  125  7:58  SCV x3  
  131  8:01  Marine x2  
  131  8:02  Refinery x2  
  133  8:06  Marine  
  133  8:09  Marine  
  133  8:10  SCV x2  
  138  8:12  SCV  
  138  8:13  Marine  
  138  8:15  Barracks Reactor, Sensor Tower  
  139  8:20  Marine, Missile Turret x2  
  139  8:21  Marine x2  
  139  8:22  SCV x2  
  139  8:24  Marine  
  139  8:26  SCV  
  146  8:29  Siege Tank  
  149  8:35  Factory, Engineering Bay, Terran Infantry Armor Level 1, Armory  
  149  8:38  Supply Depot  
  149  8:39  Supply Depot  
  149  8:40  Supply Depot  
  149  8:43  SCV x2  
  151  8:50  Marine x2  
  151  8:51  Marine x4  
  157  9:00  SCV x3  
  157  9:01  Supply Depot  
  157  9:02  Siege Tank  
  163  9:12  SCV x2  
  162  9:17  Marine x8  
  162  9:20  Factory Tech Lab  
  170  9:25  Terran Infantry Weapons Level 2  
  170  9:27  Supply Depot  
  170  9:35  Marine x3  
  171  9:50  Marine x5  
  171  9:51  Siege Tank  
  171  9:52  Marine, Siege Tank  
  182  9:53  Marine  
  182  9:58  Marine  
  185  10:05  Command Center  
  185  10:08  Marine x2  
  185  10:09  Marine  
  185  10:10  Marine  
  185  10:11  Terran Vehicle Weapons Level 1  
  186  10:40  Marine  
  141  10:50  Marine x7  
  141  10:51  Siege Tank x2  
  141  10:52  Medivac x2  
  158  10:58  Marine  
  158  11:00  Supply Depot  
  158  11:01  Supply Depot x2  
  159  11:08  Marine x6  
  159  11:10  Marine  
  166  11:17  Marine  
  167  11:26  Marine x4  
  167  11:27  Marine  
  171  11:48  Missile Turret  
  171  11:49  Marine x8  
Show
View Real Time Build Order
Export as new Build Order

Miszu Terran - Winner!

Build Orders: Bio Tank 

Get SALT Encoding   

  12  0:01  SCV  
  13  0:13  SCV  
  14  0:19  Supply Depot  
  14  0:25  SCV  
  15  0:41  SCV  
  16  0:43  Barracks  
  16  0:44  Refinery  
  16  0:53  SCV  
  17  1:05  SCV  
  18  1:17  SCV  
  19  1:30  Orbital Command  
  19  1:32  Barracks Reactor  
  19  1:42  Command Center  
  19  1:53  Supply Depot  
  19  1:56  SCV  
  20  2:08  Marine, SCV  
  20  2:09  Marine  
  23  2:17  Factory  
  23  2:20  SCV  
  24  2:27  Marine x2  
  26  2:33  SCV  
  26  2:35  Refinery  
  27  2:44  Marine  
  27  2:45  Marine, SCV  
  30  2:54  Orbital Command  
  30  2:57  SCV  
  31  3:01  Starport  
  31  3:04  Factory Tech Lab  
  31  3:08  Marine  
  31  3:09  Marine, SCV  
  34  3:20  SCV  
  34  3:21  SCV  
  36  3:28  Marine x2  
  36  3:29  Widow Mine  
  36  3:33  SCV  
  41  3:34  SCV  
  41  3:37  Medivac  
  41  3:40  Supply Depot  
  41  3:41  Supply Depot  
  44  3:45  SCV  
  44  3:46  SCV  
  46  4:02  Marine x2, Cyclone, SCV  
  52  4:04  SCV  
  53  4:10  Viking  
  53  4:14  SCV  
  53  4:15  Command Center  
  56  4:18  SCV  
  57  4:26  SCV  
  57  4:30  SCV  
  59  4:37  Barracks  
  59  4:38  Hellion, Barracks, SCV  
  61  4:57  Medivac  
  61  4:58  SCV  
  60  5:05  Marine, SCV  
  62  5:09  Marine  
  62  5:11  SCV  
  62  5:13  Supply Depot, Refinery x2  
  61  5:15  Siege Tank  
  61  5:17  SCV  
  65  5:23  SCV  
  65  5:24  Barracks Tech Lab  
  65  5:25  Barracks Tech Lab  
  66  5:29  SCV  
  66  5:31  Engineering Bay, Marine x2  
  66  5:32  Orbital Command  
  66  5:33  Engineering Bay  
  66  5:35  SCV  
  70  5:36  Starport Reactor  
  70  5:38  Supply Depot  
  70  5:41  SCV  
  71  5:47  Siege Tank, Barracks, SCV  
  75  5:50  Barracks, Orbital Command  
  75  5:52  Marine  
  75  5:55  Stimpack  
  76  5:59  Marine  
  76  6:02  Marine x2  
  79  6:05  Combat Shields  
  79  6:10  Marine  
  80  6:14  Medivac x2  
  80  6:17  Marine, SCV x2  
  87  6:20  Marine x2  
  89  6:27  Marine, Siege Tank  
  89  6:31  Supply Depot  
  93  6:33  Supply Depot  
  93  6:34  Supply Depot  
  93  6:35  Marine, SCV x2  
  93  6:37  Marine  
  97  6:44  Marine  
  97  6:45  SCV  
  98  6:47  Marine  
  98  6:51  Terran Infantry Weapons Level 1, Terran Infantry Armor Level 1  
  99  6:54  Medivac  
  99  6:56  SCV x2  
  99  6:57  SCV  
  104  7:08  SCV x2  
  106  7:10  Supply Depot  
  106  7:11  Supply Depot, Marine  
  106  7:12  Supply Depot, Marine  
  106  7:13  Barracks Reactor x2  
  106  7:15  Armory  
  108  7:16  SCV  
  108  7:20  SCV x2  
  108  7:21  Marine  
  108  7:22  Marine, Refinery x2  
  113  7:29  Marine  
  114  7:30  Marine, Siege Tank  
  114  7:31  Medivac  
  114  7:33  SCV  
  114  7:34  SCV x2  
  123  7:39  Marine  
  123  7:40  Marine  
  125  7:45  SCV  
  125  7:52  Marine  
  125  7:53  Marine x5  
  125  7:57  Marine x2  
  132  8:02  Siege Tank  
  132  8:03  Sensor Tower  
  132  8:04  Sensor Tower  
  135  8:10  Marine  
  135  8:11  Marine x5  
  141  8:15  Marine x2  
  141  8:16  Supply Depot x2  
  141  8:17  Supply Depot  
  143  8:21  Armory  
  143  8:25  Terran Vehicle Weapons Level 1  
  143  8:26  Medivac  
  145  8:28  Marine x4  
  149  8:35  Factory  
  149  8:37  Marine x4  
  149  8:39  Siege Tank  
  156  8:46  Marine x4  
  160  8:52  Terran Infantry Armor Level 2  
  160  8:55  Marine x4, Terran Infantry Weapons Level 2  
  164  8:59  Supply Depot  
  164  9:00  Supply Depot  
  164  9:03  Marine  
  164  9:04  Marine  
  166  9:11  Siege Tank  
  166  9:12  Marine  
  166  9:17  Marine x5  
  166  9:18  Medivac  
  166  9:20  Factory Tech Lab  
  166  9:21  Marine  
  166  9:22  Marine  
  175  9:30  Marine  
  176  9:35  Marine x3  
  176  9:37  Marine  
  180  9:42  Marine  
  180  9:43  Siege Tank  
  184  9:46  Marine  
  184  9:47  Siege Tank  
  184  9:52  Marine  
  189  10:04  Command Center  
  189  10:33  Marine  
  189  10:44  Marine x3  
  189  10:46  Marine, Medivac  
  189  10:47  Marine x2  
  189  10:48  Siege Tank  
  189  11:04  Marine, Medivac, Siege Tank  
  189  11:05  Barracks  
  189  11:07  Barracks  
  189  11:08  Factory, Barracks  
  195  11:16  Medivac  
  200  11:32  Sensor Tower  
  199  11:38  Marine  
  200  11:41  Refinery  
  200  11:42  Refinery, Missile Turret  
  200  11:43  Missile Turret  
Tags
 
Add a new tag
Caveats
  • Supply blocks, unpowered buildings, or Contaminate may cause inaccurate times.
  • Supply counts are checked every 10 seconds.